[Event "*** Titled Tuesday Blitz"]
[Site "Chess.com"]
[Date "2020.05.26"]
[Round "4"]
[White "kuban1991"]
[Black "ama18"]
[Result "0-1"]
[WhiteElo "2708"]
[BlackElo "2517"]
[TimeControl "180+1"]
[EndTime "10:40:45 PDT"]
[Termination "ama18 won by resignation"]

1. Nf3 Nf6 2. g3 b6 3. Bg2 Bb7 4.
O-O e6 5. d3 c5 6. Nbd2 Nc6 7. e4 d5 8. e5 Nd7 9. Re1 Qc7 10. Qe2 h6 11. h4 g5 12. hxg5 hxg5 13.
Nxg5 Qxe5 14. Ndf3 Qxe2 15. Rxe2 Be7 16. c3 Ba6 17.
Ne1 Rg8 18. f4 Bxg5 19. fxg5 O-O-O 20. Rf2 Nde5 21. Bd2 Rg7 22. Bf1 d4 23. c4 Bb7 24.
Bg2 Ne7 25. a3 Nf5 26. Bf4 Ng4 27. Re2 Nge3 28. Be4 Rg6 29. Ng2 Nxg2 30. Kxg2 Bxe4+ 31. Rxe4 Rh8 32. Rh1 Rxh1 33. Kxh1 Rg7 34. Kg2 Rh7 35. Re1 Kd7 36. g4 Nh4+ 37. Kg3 Ng6 38. Be5 Nxe5 39.
Rxe5 Rh1 40. Re2 Rd1 41. Rh2 Rxd3+ 42. Kf4 Ke8 43. Rh8+ Ke7 44. Rh7 Kf8 45. g6 fxg6 46. Rxa7 Rd2 47. Ke5 Re2+ 48. Kf6 Ke8 49. Ra8+ Kd7 50.
Ra7+ Kd6 51. Ra8 Kd7 52. Ra7+ Kc6 53. Ra8 Kc7 54. Ra7+ Kd6 55. Ra8 Rf2+ 56. Kxg6 Kc7 57. Ra7+ Kc6 58. Ra8 d3 59. Rd8 d2 60. g5 e5 61. Kh7 e4 62. g6 e3 63. g7 Rg2 64.
g8=Q Rxg8 65. Kxg8 e2 66. Rxd2 e1=Q 67. Rg2 Qe6+ 68.
Kg7 Qe5+ 69. Kh6 Qf4+ 70. Rg5 Qxc4 71. Kh5 Qe2+ 72. Kg6 Qxb2 73. a4 Qc2+ 74. Rf5 Qxf5+ 75. Kxf5 c4 76. Ke4 Kc5 77. Ke3 Kb4 78. Kd4 c3 79.
Kd3 Kb3 80. a5 bxa5 0-1

[Event "*** Titled Tuesday Blitz"]
[Site "Chess.com"]
[Date "2020.05.26"]
[Round "4"]
[White "PauloCesarCosta_sad"]
[Black "MichailovM"]
[Result "0-1"]
[WhiteElo "2181"]
[BlackElo "2403"]
[TimeControl "180+1"]
[EndTime "10:40:48 PDT"]
[Termination "MichailovM won by checkmate"]

1. Nf3 Nf6 2. c3 g6 3. d4 Bg7 4. Bg5 d6 5. Nbd2 O-O 6. e3 Nbd7 7. Bd3 b6 8. O-O Bb7 9. Qc2 c5 10. Ne4 Rc8 11. Nxf6+ Nxf6 12. Bxf6 Bxf6 13. Be4 d5 14.
Bd3 Qd6 15. Rfe1 Bg7 16. Rad1 Rfd8 17. Qe2 e5 18. dxe5 Bxe5 19. Nxe5 Qxe5 20. Ba6 Bxa6 21. Qxa6 Qe7 22. Rd2 Rc7 23. Red1 Rcd7 24. Qe2 Kg7 25.
Qf3 Qe5 26. Qg3 f6 27. Kf1 Kf7 28. Qh3 h5 29. Qg3 Ke6 30. Qh3+ Qf5 31. Qxf5+ Kxf5 32. Ke2 Ke5 33. Kf3 a5 34. h4 a4 35. a3 Rg8 36.
c4 d4 37. exd4+ Rxd4 38. Re1+ Kf5 39. Rxd4 cxd4 40. Rd1 Rd8 41. Ke2 g5 42. hxg5 fxg5 43. Kd3 h4 44. Re1 g4 45. Re4 Rd6 46. Re8 h3 47.
gxh3 gxh3 48. Rh8 Kg4 49. Rg8+ Kf4 50. Rh8 Kg4 51. Rg8+ Kf3 52. Rh8 Kg2 53. f4 h2 54.
Rg8+ Kf3 55. Rh8 Kxf4 56. Rxh2 Kg3 57. Rh5 Kf3 58. Rd5 Re6 59. Rxd4 Re2 60. Kc3 Ke3 61.
Rd3+ Ke4 62. Rd2 Re3+ 63. Kc2 Rb3 64. Rd8 Ke5 65. Re8+ Kd6 66. Rd8+ Kc5 67. Rd3 Kxc4 68. Rd8 Kb5 69. Rc8 Rh3 70. Rh8 Rxh8 71. b4 Kc4 72. Kd2 Rh2+ 73. Ke3 Ra2 74. Kf3 Rxa3+ 75. Ke2 Rb3 76. Kf2 a3 77. Ke2 a2 78. Kd2 a1=Q 79. Kc2 Rb2# 0-1

[Event "*** Titled Tuesday Blitz"]
[Site "Chess.com"]
[Date "2020.05.26"]
[Round "4"]
[White "Angry_Twin"]
[Black "GMStefanova"]
[Result "0-1"]
[WhiteElo "2827"]
[BlackElo "2640"]
[TimeControl "180+1"]
[EndTime "10:40:49 PDT"]
[Termination "GMStefanova won by resignation"]

1. e4 c6 2. d4 d5 3. e5 c5 4. dxc5 e6 5. a3 Bxc5 6. Nf3 Ne7 7. Bd3 Ng6 8. O-O O-O 9. b4 Bb6 10. Bb2 a5 11. Re1 axb4 12. axb4 Rxa1 13. Bxa1 Nc6 14.
b5 Nce7 15. Qd2 Qc7 16. Bc3 Bd7 17. Bb4 Ra8 18. Bd6 Qd8 19. h3 Ba5 20. c3 Nc8 21. Ba3 Nb6 22. Nd4 Nc4 23. Bxc4 dxc4 24. Bd6 Bc7 25. Bxc7 Qxc7 26. Qe3 Qc5 27. Nd2 Bxb5 28.
g3 Bc6 29. h4 h6 30. Nxc6 Qxc6 31. Qd4 b5 32. Ne4 Ne7 33. Nd6 Nf5 34. Nxf5 exf5 35. Qf4 Qe6 36. Rb1 Rb8 37. Qd4 h5 38. f4 g6 39. Kf2 Qc6 40. Rd1 b4 41. cxb4 Rxb4 42.
Rc1 Kh7 43. e6 Qxe6 44. Re1 Qb6 45. Qxb6 Rxb6 46. Re7 Kg7 47. Rc7 Rb2+ 48. Kf3 Rc2 49. Ke3 Kf6 50. Kf3 Ke6 51. Ke3 Rc3+ 52. Kf2 Rc1 53.
Ke2 c3 54. Kf2 Rc2+ 55. Kf3 Rc1 56. Kf2 Kd5 57. Kg2 Kd4 58. Rxf7 Ra1 59. Rd7+ Ke3 60.
Re7+ Kd2 61. Rd7+ Kc1 62. Kf2 c2 63. Rc7 Ra6 64. Ke2 Re6+ 65. Kf2 Rd6 66. Ke2 Rd4 67.
Ke3 Rb4 68. Kd3 Rb3+ 69. Ke2 Kb2 70. Rc6 Rc3 71. Rb6+ Ka3 72. Ra6+ Kb4 73. Rb6+ Ka5 74. Rxg6 c1=Q 75. Rg5 Qc2+ 76. Ke1 Qe4+ 77. Kf1 Qf3+ 78. Ke1 Rc1+ 79. Kd2 Qd1+ 80. Ke3 Rc3+ 81. Kf2 Qf3+ 82. Ke1 Rd3 83. Rxf5+ Kb4 84. Rd5 Rxd5 0-1

[Event "*** Titled Tuesday Blitz"]
[Site "Chess.com"]
[Date "2020.05.26"]
[Round "4"]
[White "kingofthenil"]
[Black "CyberdelChess"]
[Result "1-0"]
[WhiteElo "2442"]
[BlackElo "2259"]
[TimeControl "180+1"]
[EndTime "10:41:09 PDT"]
[Termination "kingofthenil won by checkmate"]

1. e4 c5 2. d3 Nc6 3. g3 g6 4. Bg2 Bg7 5. f4 d6 6. Nf3 e5 7. O-O Nge7 8. Nc3 O-O 9. f5 gxf5 10. Nh4 fxe4 11. dxe4 Nd4 12. Qh5 Qe8 13. Nf5 Ndxf5 14. exf5 f6 15. Qh3 Qf7 16. Ne4 Rd8 17. g4 d5 18.
Nxc5 b6 19. Ne6 Bxe6 20. fxe6 Qxe6 21. c4 Rac8 22. cxd5 Nxd5 23. Bd2 Rc2 24. Rad1 Rdc8 25. Bg5 Ne7 26. Bh4 Kh8 27. Bg3 Ng6 28. Be4 Nf8 29.
Bxc2 Rxc2 30. Rf2 Rxf2 31. Bxf2 Qxa2 32. Qa3 Qe6 33. h3 h5 34. Qf3 hxg4 35. hxg4 a5 36. Kg2 Kg8 37. Qf5 Kf7 38. Qxe6+ Kxe6 39. Bxb6 a4 40.
Bc5 Ng6 41. Be3 Ne7 42. Ra1 f5 43. gxf5+ Nxf5 44. Bf2 e4 45. Rxa4 Bxb2 46. Rxe4+ Kf6 47. Rb4 Be5 48. Kf3 Nd6 49. Rb6 Ke6 50. Rb8 Kd5 51. Rg8 Ke6 52. Rg1 Kd5 53. Re1 Ke6 54. Bg3 Nf7 55. Kg4 Kd5 56. Rd1+ Ke4 57. Bh4 Nd6 58.
Re1+ Kd5 59. Kf3 Nf5 60. Bg5 Nd6 61. Kg4 Ne4 62. Rd1+ Ke6 63. Be3 Nd6 64. Rb1 Kd5 65. Bd2 Ke6 66. Rd1 Kf6 67. Bb4 Ke6 68. Kf3 Nf5 69.
Ke4 Nd6+ 70. Kd3 Kd5 71. Ba3 Ke6 72. Kc2 Ne4 73. Bb4 Nd6 74. Re1 Kd5 75. Kb3 Ne4 76.
Rd1+ Ke6 77. Kc4 Nd6+ 78. Kc5 Ne4+ 79. Kc6 Nf6 80. Re1 Kf5 81. Bd2 Ne4 82. Be3 Nf6 83.
Re2 Ke6 84. Bd2 Kf5 85. Be3 Ne4 86. Re1 Nc3 87. Rf1+ Ke4 88. Bd2 Ne2 89. Re1 Kd3 90. Ba5 Bg3 91. Rd1+ Kc2 92. Rd5 Nc3 93. Rc5 Be1 94.
Bxc3 Bxc3 95. Kd5 Kd3 96. Rc4 Bb2 97. Re4 Bc3 98. Re6 Bb2 99. Rg6 Bc3 100. Rg3+ Kc2 101. Kc4 Bb2 102. Rg2+ Kb1 103. Kb3 Bc1 104. Rg1 Ka1 105. Rxc1# 1-0

[Event "*** Titled Tuesday Blitz"]
[Site "Chess.com"]
[Date "2020.05.26"]
[Round "4"]
[White "imdarealist"]
[Black "etesungam"]
[Result "1-0"]
[WhiteElo "2227"]
[BlackElo "2395"]
[TimeControl "180+1"]
[EndTime "10:41:17 PDT"]
[Termination "imdarealist won on time"]

1. d4 Nf6 2. Bf4 d6 3. e3 Nbd7 4. Nf3 g6 5. c3 Bg7 6. h3 O-O 7. Nbd2 a6 8. Bh2 b5 9. a4 Rb8 10. axb5 axb5 11. Be2 b4 12. O-O bxc3 13. bxc3 c5 14. Nc4 Ne4 15. Qc2 f5 16. Rfb1 Bb7 17.
Ra7 Bd5 18. Rxb8 Nxb8 19. Nfd2 Nc6 20. Ra1 Qc8 21. Nb6 Qe6 22. Nxd5 Nxd2 23. Nf4 Qf7 24.
Qxd2 cxd4 25. cxd4 e5 26. dxe5 dxe5 27. Rc1 Rd8 28.
Qxd8+ Nxd8 29. Bc4 exf4 30. Bxf7+ Nxf7 31. Rc8+ Bf8 32. Bxf4 Kg7 33. Rc7 Kf6 34. Rc6+ Kg7 35. h4 Be7 36. Bg5 Nxg5 37. hxg5 Bxg5 38. f4 Bf6 39. Rc7+ Kh6 40. Kf2 g5 41. Rc6 Kg7 42. g3 h5 43. Rc7+ Kg6 44. Rc6 Kg7 45. fxg5 Bxg5 46. Rc5 Kg6 47. Rc1 h4 48. gxh4 Bxh4+ 49. Kf3 Bg5 50. Rg1 Kf6 51. e4 fxe4+ 52. Kxe4 Bd2 53.
Rf1+ Ke6 54. Kd3 Bb4 55. Rf3 Kd5 56. Rf5+ Ke6 57. Rh5 Be7 58. Rh2 Bf6 59. Re2+ Kf7 60. Rf2 Kg6 61. Ke4 Bg5 62. Rg2 Kf6 63. Rf2+ Kg6 64. Ke5 Be3 65. Rh2 Bc1 66. Rg2+ Kf7 67. Kf5 Ke7 68. Re2+ Kd6 69. Re1 Bb2 70. Rd1+ Kc5 71.
Ke4 Bg7 72. Rc1+ Kd6 73. Rg1 Bf6 74. Rg6 Ke7 75. Kd5 Bb2 76. Rh6 Kf7 77. Rh2 Bg7 78. Rf2+ Kg6 79. Ke6 Bb2 80. Rh2 Bc3 81. Rg2+ Kh5 82.
Kf5 Kh4 83. Kf4 Kh5 84. Rg3 Kh6 85. Rxc3 1-0

[Event "*** Titled Tuesday Blitz"]
[Site "Chess.com"]
[Date "2020.05.26"]
[Round "4"]
[White "Shushik"]
[Black "MartinMatthiesen"]
[Result "1/2-1/2"]
[WhiteElo "2132"]
[BlackElo "2373"]
[TimeControl "180+1"]
[EndTime "10:41:21 PDT"]
[Termination "Game drawn by repetition"]

1. e4 c5 2. Nf3 d6 3. d4 cxd4 4.
Nxd4 Nf6 5. Nc3 a6 6. Be3 e5 7. Nf3 h6 8. Bc4 Be6 9. Bb3 Nc6 10.
O-O Be7 11. Qe2 O-O 12. Rfd1 Qc7 13. Nd2 Nd4 14. Bxd4 exd4 15. Nd5 Nxd5 16. exd5 Bf5 17. Nf3 d3 18. cxd3 Bf6 19. h3 Qb6 20. Rac1 a5 21.
d4 a4 22. Bc2 Qxb2 23. Qd2 Bxc2 24. Rxc2 Qb5 25. Rb2 Qxd5 26. Rdb1 Ra7 27. Rb5 Qc6 28. d5 Qc4 29. Rxb7 Rxb7 30. Rxb7 a3 31. Rb3 Bb2 32. Rb4 Qc5 33. Rb3 Ra8 34. Kh2 Qc4 35. Qd3 Qf4+ 36.
g3 Qf6 37. Kg2 Rc8 38. Qa6 Re8 39. Qb5 Re7 40. Qb8+ Kh7 41. Qb5 g6 42. Qd3 Kg7 43.
Qc2 Re8 44. Qc6 Re7 45. Qc2 Re8 46. Qc6 Qe7 47. Qc2 Qe4 48. Qd2 Rc8 49. Re3 Qc2 50. Re2 Qxd2 51. Rxd2 Rc1 52. Rd3 Ra1 53. Rb3 Rxa2 54. Rb6 Be5 55. Nxe5 dxe5 56. d6 Rd2 57. Ra6 a2 58. d7 e4 59. d8=Q Rxd8 60. Rxa2 Rd3 61. Ra7 h5 62. Ra6 f5 63. h4 Rd2 64. Ra7+ Kf6 65. Ra6+ Kf7 66. Ra7+ Ke6 67. Ra6+ Rd6 68. Ra7 Ke5 69. Ra5+ Rd5 70. Ra6 Rd6 71. Ra5+ Kd4 72. Ra7 Kd3 73. Ra3+ Ke2 74. Ra2+ Rd2 75. Ra6 e3 76. Re6 Rd3 77. fxe3 Rxe3 78. Rxg6 Kd3 79. Rg5 Ke4 80. Rxh5 f4 81. gxf4 Kxf4 82. Rh8 Re2+ 83.
Kf1 Rh2 84. h5 Kg5 85. Rg8+ Kh6 86. Rg6+ Kxh5 87. Ra6 Rh4 88. Ra5+ Kg6 89. Ra6+ Kh5 90. Ra5+ Kg6 91. Ra6+ Kh5 1/2-1/2

[Event "*** Titled Tuesday Blitz"]
[Site "Chess.com"]
[Date "2020.05.26"]
[Round "4"]
[White "Everyfishknows"]
[Black "AtabayevSaparmyrat"]
[Result "1/2-1/2"]
[WhiteElo "2346"]
[BlackElo "2787"]
[TimeControl "180+1"]
[EndTime "10:41:23 PDT"]
[Termination "Game drawn - insufficient material"]

1. Nf3 Nf6 2. c4 g6 3. Nc3 Bg7 4. e4 O-O 5. d4 d6 6. Be2 e5 7.
O-O Nc6 8. Be3 Ng4 9. Bg5 f6 10.
Bc1 f5 11. Bg5 Bf6 12. Bxf6 Nxf6 13. exf5 Bxf5 14. dxe5 Nxe5 15. Nxe5 dxe5 16. Qxd8 Raxd8 17. Rad1 Rd4 18. Nb5 Rxd1 19. Rxd1 c6 20. Nd6 b6 21. b4 Rd8 22. Nxf5 Rxd1+ 23. Bxd1 gxf5 24. c5 bxc5 25. bxc5 Nd7 26. Ba4 Nxc5 27. Bxc6 Kf7 28. Kf1 Ke6 29. Ke2 e4 30. Ke3 Ke5 31. f4+ Kd6 32. Bb5 Ne6 33. Bc4 h6 34. h3 h5 35. g3 Ke7 36. Be2 Ng7 37. g4 hxg4 38. hxg4 Kf6 39. gxf5 Kxf5 40. Bf1 Kf6 41. Kxe4 Nf5 42. Bd3 Ne7 43. Kd4 Ke6 44.
Kc5 Nc8 45. a4 Nd6 46. a5 Nb7+ 47. Kb5 Kd6 48. f5 Nc5 49. Bc2 Nd7 50. Ka6 Kc7 51. Kxa7 Nb8 52. f6 Nc6+ 53. Ka6 Kd6 54. Bb3 Nd4 55.
Bd1 Nc6 56. Kb6 Nxa5 57. Bh5 Nc4+ 58. Kb5 Ne5 59. Kb4 Nd3+ 60. Kc3 Nf4 61. Kd4 Ne6+ 62. Ke4 Nc7 63. Kf5 Nd5 64. f7 Ke7 65. Kg6 Kf8 66.
Bf3 Nb6 67. Bc6 Nc4 68. Kf6 Ne3 69. Be4 Nd1 70. Ke6 Nc3 71. Bg6 Ne2 72. Ke5 Nc3 73. Bd3 Na4 74. Bc4 Nb6 75. Bb3 Nc8 76. Ke6 Ne7 77. Bc4 Nc6 78. Kd6 Na5 79. Bd5 Nb7+ 80.
Kc7 Nc5 81. Kb6 Nd3 82. Kc6 Nf4 83. Kd6 Ng6 84. Ke6 Ne7 85. Be4 Nc8 86. Bb7 Nb6 87.
Bc6 Nc4 88. Bd5 Na5 89. Kd6 Nb7+ 90. Kc6 Nd8+ 91. Kd7 Nxf7 1/2-1/2

[Event "*** Titled Tuesday Blitz"]
[Site "Chess.com"]
[Date "2020.05.26"]
[Round "4"]
[White "SGchess01"]
[Black "lupta_robin"]
[Result "1/2-1/2"]
[WhiteElo "2766"]
[BlackElo "2619"]
[TimeControl "180+1"]
[EndTime "10:41:41 PDT"]
[Termination "Game drawn by repetition"]

1. Nf3 d5 2. g3 Nf6 3. Bg2 e6 4. O-O Be7 5. d4 O-O 6. c4 c6 7. Qc2 Nbd7 8. b3 b6 9. Nc3 Bb7 10.
e4 dxe4 11. Nxe4 Nxe4 12. Qxe4 Nf6 13. Qe2 c5 14. dxc5 Bxc5 15. Bb2 Qe7 16. a3 a5 17.
Ne5 Bxg2 18. Kxg2 Qb7+ 19. Qf3 Qxf3+ 20. Kxf3 Rfd8 21. Rfd1 Kf8 22. g4 h6 23. h4 Ke8 24.
g5 hxg5 25. hxg5 Ng8 26. Ke2 f6 27. Rxd8+ Rxd8 28. Nd3 Bd4 29. Bxd4 Rxd4 30. Ke3 e5 31. f4 Ne7 32. fxe5 Nf5+ 33. Ke2 fxe5 34. Nf2 Ke7 35.
Rc1 Kd6 36. Kf3 Nh4+ 37. Ke3 Nf5+ 38. Kf3 Nh4+ 39. Ke2 Nf5 40. b4 axb4 41. axb4 e4 42. Ng4 Ng3+ 43. Kf2 Nf5 44. c5+ bxc5 45. bxc5+ Kc7 46.
Ke2 Ng3+ 47. Ke3 Nf5+ 48. Kf4 g6 49. Ke5 Ra4 50. Nf6 e3 51. c6 Ne7 52. Ke6 Nxc6 53.
Nd5+ Kb7 54. Rb1+ Ka7 55. Kd6 Nd4 56. Nxe3 Ra6+ 57. Ke5 Ne6 58. Kf6 Nf4+ 59. Kg7 Re6 60. Ng4 Rb6 61. Rf1 Ne6+ 62. Kxg6 Nxg5+ 63. Kxg5 Kb7 64. Ne5 Rb5 65. Kf5 Kb6 66. Ke6 Kb7 67. Rf7+ Kb6 68. Kd6 Rb1 69. Nc4+ Ka6 70. Kc5 Rc1 71. Re7 Rc2 72.
Rf7 Rc1 73. Re7 Rc2 74. Re6+ Kb7 75. Kb5 Kc7 76. Re7+ Kd8 77. Ra7 Ke8 78. Kc5 Kf8 79. Kd5 Rc1 80. Ne5 Rd1+ 81. Ke6 Kg8 82. Ng4 Re1+ 83.
Kf6 Rf1+ 84. Kg6 Kf8 85. Nf6 Rg1+ 86. Kf5 Rf1+ 87. Ke5 Re1+ 88. Ne4 Ke8 89. Kd5 Kf8 90. Ng5 Kg8 91. Ne4 Kf8 92. Rd7 Kg8 93. Ke5 Kf8 94. Kf5 Rf1+ 95. Ke6 Re1 96. Ke5 Ke8 97. Ra7 Kf8 98.
Kf5 Kg8 99. Kg6 Rg1+ 100. Ng5 Kf8 101. Kf6 Rf1+ 102. Ke5 Re1+ 103. Ne4 Kg8 104. Kf5 Rf1+ 105. Ke6 Kf8 106. Nf6 Re1+ 107. Kf5 Rf1+ 108. Kg6 Rg1+ 109. Kh6 Rh1+ 110. Kg6 Rg1+ 1/2-1/2

[Event "*** Titled Tuesday Blitz"]
[Site "Chess.com"]
[Date "2020.05.26"]
[Round "4"]
[White "BJthechessgod"]
[Black "WPWPWP-2015"]
[Result "1/2-1/2"]
[WhiteElo "2125"]
[BlackElo "2366"]
[TimeControl "180+1"]
[EndTime "10:42:24 PDT"]
[Termination "Game drawn by stalemate"]

1. d4 d5 2. c4 c6 3. Nc3 Nf6 4.
Bg5 Nbd7 5. Nf3 e6 6. e4 dxe4 7. Nxe4 Bb4+ 8. Nc3 Qa5 9. Bd2 O-O 10. a3 Bxc3 11. Bxc3 Qh5 12. Be2 Ne4 13. Bb4 c5 14. dxc5 Ndxc5 15. O-O Qg6 16. Qc2 b6 17. Rad1 Bb7 18.
Bxc5 Nxc5 19. Qxg6 hxg6 20. b4 Ne4 21. Rd3 Rfc8 22.
Ne5 Nf6 23. Rfd1 Be4 24. Rd6 g5 25. f3 Bf5 26. g4 Bc2 27. R1d2 Bb1 28. Rb2 Bh7 29.
Rbd2 Kf8 30. Kf2 Ke7 31. Ke3 Nd5+ 32. cxd5 Kxd6 33. Nxf7+ Ke7 34. Nxg5 Bg6 35. Nxe6 Rc3+ 36. Kf2 Bf7 37. Nxg7 Rd8 38. Nf5+ Kf6 39. d6 Be6 40. Ng3 Rxa3 41. Ne4+ Ke5 42. Ng5 Bd5 43. f4+ Kxd6 44. Nf7+ Kc7 45. Nxd8 Ba2 46. Nf7 Bxf7 47. g5 Bg6 48. h4 Rb3 49. h5 Bf5 50. g6 Rxb4 51. h6 Rxf4+ 52. Ke3 Rh4 53. g7 Bh7 54. Rc2+ Kd7 55.
Rd2+ Ke7 56. Ra2 Rxh6 57. Rxa7+ Kf6 58. Bc4 Rh3+ 59. Kf2 Rh2+ 60. Kg3 Rh1 61. Kg2 Rc1 62. g8=Q Bxg8 63. Bxg8 Rc2+ 64. Kf3 Ke5 65. Bb3 Rc3+ 66. Ke2 Rxb3 67. Kd2 Kd4 68. Kc2 Rc3+ 69. Kb2 Rc6 70. Rd7+ Kc4 71. Rb7 Kb4 72. Rh7 b5 73. Rh4+ Rc4 74.
Rh3 Ka4 75. Ka2 Kb4 76. Kb2 Rd4 77. Rb3+ Ka4 78. Ra3+ Kb4 79. Rb3+ Kc4 80. Rc3+ Kd5 81. Rc8 Rc4 82. Rd8+ Kc5 83. Kb3 Rb4+ 84. Kc3 Rc4+ 85. Kb3 Rh4 86. Rc8+ Kb6 87. Rb8+ Kc6 88. Rc8+ Kb7 89.
Rg8 Rf4 90. Rg7+ Kb6 91. Rg6+ Ka5 92. Rg8 Rf3+ 93. Kb2 Ka4 94. Ra8+ Kb4 95. Rh8 Rf2+ 96. Kb1 Kb3 97. Rh3+ Ka4 98. Ka1 b4 99. Kb1 Re2 100. Ka1 Rd2 101. Kb1 Rf2 102. Kc1 Ra2 103. Kb1 Rg2 104. Ka1 Rg4 105. Kb1 Rc4 106. Kb2 Rc5 107. Ka2 Rf5 108. Kb2 Rf2+ 109. Kb1 Re2 110. Ka1 Rd2 111. Kb1 Kb5 112. Rh5+ Kc4 113. Kc1 Rd3 114. Kc2 b3+ 115. Kb2 Rd2+ 116.
Kb1 Kb4 117. Rh8 Rd1+ 118. Kb2 Rd2+ 119. Kb1 Rd4 120. Rb8+ Kc3 121. Rc8+ Kb4 122. Rb8+ Kc4 123. Rc8+ Kb5 124. Rb8+ Ka4 125. Kb2 Rd2+ 126. Kb1 Rd1+ 127. Kb2 Rd2+ 128. Kb1 Rc2 129. Ra8+ Kb4 130. Rb8+ Ka3 131. Ra8+ Kb4 132. Rb8+ Kc4 133. Rc8+ Kd3 134. Rxc2 bxc2+ 135. Kc1 Kc3 1/2-1/2

[Event "*** Titled Tuesday Blitz"]
[Site "Chess.com"]
[Date "2020.05.26"]
[Round "4"]
[White "krasavetc"]
[Black "enriquetejedor"]
[Result "1/2-1/2"]
[WhiteElo "2261"]
[BlackElo "2462"]
[TimeControl "180+1"]
[EndTime "10:42:27 PDT"]
[Termination "Game drawn by agreement"]

1. e4 c5 2. c3 Nf6 3. Qc2 Nc6 4. Nf3 g6 5. Bc4 Bg7 6. O-O O-O 7. a4 b6 8. Re1 d5 9. exd5 Nxd5 10. d3 Na5 11.
Ba2 Ba6 12. Na3 h6 13. Rb1 Rc8 14. Nb5 Nc6 15. Qe2 Re8 16. Bd2 Nc7 17. Nxc7 Rxc7 18.
Bc4 Bxc4 19. dxc4 Rd7 20. Bf4 e5 21. Bg3 e4 22. Kh1 g5 23. Rbd1 Rxd1 24. Rxd1 Qc8 25.
Nd2 f5 26. f3 e3 27. Nf1 f4 28. Be1 Rd8 29. Rd5 Ne7 30. Rd3 Rxd3 31. Qxd3 Qf5 32. Qd8+ Kf7 33. Qd1 Ke8 34. g3 Be5 35. Kg2 Qd7 36.
Qe2 Qxa4 37. Nxe3 fxe3 38. Qxe3 Bf6 39. Qd3 Qd7 40. Qe4 Kd8 41. Qa8+ Qc8 42. Qxa7 Qc7 43.
Qa4 Qd7 44. Qa8+ Nc8 45. Qe4 Qe7 46. Qd5+ Qd6 47. Qg8+ Kc7 48. Qh7+ Be7 49. Qe4 Qc6 50. Qe5+ Qd6 51. Qe4 Qd7 52. g4 Nd6 53. Bg3 Kb8 54. Qd5 Kc7 55. b4 Qc6 56. Qe6 Qd7 57. Qd5 Kd8 58. bxc5 bxc5 59. Qxc5 Nc8 60. Qa5+ Ke8 61.
Qa2 Qe6 62. Qa4+ Kf7 63. Qb3 Nd6 64. Bxd6 Bxd6 65. Qc2 Kg7 66. c5 Bxc5 67. h4 gxh4 68. Kh3 Qf6 69. c4 Be7 70. Qf5 Qxf5 71. gxf5 Kf6 72.
Kg4 Kg7 73. f4 Bf6 74. c5 Kf7 75. c6 Ke8 76. c7 Kd7 77. Kh3 Kxc7 78. Kh2 Kc6 79.
Kh1 Kb5 80. Kh2 Ka4 81. Kh3 Ka3 82. Kh2 Ka2 83. Kh1 Ka1 84. Kh2 Kb1 85. Kh1 Kc1 86. Kh2 Kd1 87. Kh1 Ke2 88. Kh2 Kf2 89. Kh1 Kf1 90. Kh2 Kf2 91. Kh1 Kg3 92. Kg1 Bd4+ 93.
Kh1 Bf6 94. Kg1 Kg4 95. Kh1 h3 96. Kg1 Kh4 97. Kh1 Kg4 98. Kg1 Kf3 99. Kh1 Kg3 100.
Kg1 Bh8 101. Kh1 h2 102. f6 h5 103. f5 Kg4 104. f7 Bg7 105. f6 Bf8 106. Kg2 Bd6 107. f8=Q Bxf8 108. Kh1 Kg5 109. f7 Kg6 110. Kxh2 Bd6+ 111. Kh1 Bf8 112. Kg2 Kxf7 113. Kh1 Kg6 114. Kh2 Kf5 115. Kh1 Kg4 116. Kh2 1/2-1/2

[Event "*** Titled Tuesday Blitz"]
[Site "Chess.com"]
[Date "2020.05.26"]
[Round "4"]
[White "ErikBlomqvist"]
[Black "BEEkhishig"]
[Result "1/2-1/2"]
[WhiteElo "2444"]
[BlackElo "2603"]
[TimeControl "180+1"]
[EndTime "10:42:45 PDT"]
[Termination "Game drawn by repetition"]

1. e4 c6 2. d4 d5 3. exd5 cxd5 4. c4 Nf6 5. Nc3 Nc6 6. Bf4 e6 7. c5 Be7 8. Bb5 O-O 9. Bxc6 bxc6 10. Nf3 Ba6 11.
Qa4 Qc8 12. Ne5 Bb7 13. O-O Nd7 14. Nxd7 Qxd7 15. Rfe1 a5 16. Qc2 Ba6 17. Na4 Ra7 18. Qd2 Bf6 19. Be5 Bd8 20. Rac1 Qb7 21. Nb6 a4 22. Rc3 Re8 23. Rg3 f6 24. Bd6 Bb5 25.
h4 Qf7 26. Qb4 Ra6 27. Qd2 Bxb6 28. cxb6 Rxb6 29. b4 axb3 30. axb3 Ra6 31. Qf4 Rea8 32. Rge3 Ra1 33. Kh2 Rxe1 34. Rxe1 h5 35. Qe3 Re8 36. Qg3 Kh7 37. Ra1 Qg6 38. Ra7 Qxg3+ 39. Kxg3 e5 40. dxe5 fxe5 41. Re7 Rxe7 42. Bxe7 Kg6 43. b4 Kf5 44. Kf3 d4 45. Bc5 Bc4 46. g3 Bd5+ 47. Ke2 g6 48. Kd2 Bf3 49. Kd3 Ke6 50. Kd2 Kd5 51. Kd3 e4+ 52. Kd2 Kc4 53. Bd6 Kd5 54. Bc5 Bg4 55. Be7 Bf5 56. Bc5 Bd7 57. Bf8 Ke5 58. Bc5 Be6 59. Be7 d3 60. Bc5 Bc4 61. Ke3 Bb5 62. Be7 Kd5 63. Bc5 Kc4 64. Kd2 Kb3 65.
Bd6 Ka4 66. Bc5 Bc4 67. Bd6 Bd5 68. Bc5 Kb5 69. Bd6 Kc4 70. Bc5 Be6 71. Bd6 Bf5 72. Bc5 Kd5 73. Bd6 Bd7 74. Bc5 Ke5 75. Be7 Kf5 76. Bc5 Kg4 77. Be7 Kf3 78. Bc5 Be6 79.
Be3 Bd5 80. Bc5 Bc4 81. Be3 Bb5 82. Bc5 Kg4 83. Be3 Kf5 84. Bc5 g5 85. hxg5 Kxg5 86. Ke3 Kg4 87. Be7 Ba4 88. Bc5 Kh3 89. Be7 Kg2 90. Bc5 Kf1 91. Kd2 Bb5 92. Be3 Ba4 93. Bc5 Kg2 94. Be3 Kf3 95. Bc5 Bb5 96.
Be3 Kg4 97. Bc5 Kf5 98. Be3 Ke5 99. Bc5 Kd5 100. Be7 Kd4 101. Bc5+ Kc4 102. Be7 Ba4 103. Bc5 Bc2 104. Be7 Kd5 105. Bc5 Ke6 106. Bf8 Kf5 107. Bc5 Bb3 108. Bd6 Bd5 109. Bc5 Kg4 110. Bd6 h4 111. gxh4 Kxh4 112. Bc5 Kg4 113. Be3 Kf3 114. Bc5 Kf4 115. Be3+ Kf5 116. Bc5 Ke5 117. Bf8 Be6 118. Bc5 Kd5 119. Be3 Kc4 120. Bc5 Kb5 121. Be7 Bd5 122. Bc5 Ka4 123. Be7 Kb3 124. Bc5 Kc4 125. Be7 Be6 126. Bc5 Kd5 127. Be7 Bc8 128. Bc5 Ba6 129. Be7 Bb5 130. Bc5 Ke5 131. Be7 Kf4 132. Bc5 Kf3 133. Be3 Kg2 134. Bc5 Kf1 135. Be3 Bc4 136. Bc5 Kg2 137. Be3 Kf3 138. Bc5 Kf4 139. Be3+ Ke5 140. Bc5 Bb5 141. Be3 Kd5 142. Bc5 Kc4 143. Be7 e3+ 144. fxe3 Kd5 145. Bc5 Ke4 146. Be7 Kd5 147. Bc5 Ke6 148. Bf8 Kf7 149. Bc5 Kg6 150. Bd6 Kf5 151.
Bc5 Ke4 152. Be7 Kd5 1/2-1/2

[Event "*** Titled Tuesday Blitz"]
[Site "Chess.com"]
[Date "2020.05.26"]
[Round "4"]
[White "penguingm1"]
[Black "GoltsevDmitry2000"]
[Result "1-0"]
[WhiteElo "2868"]
[BlackElo "2688"]
[TimeControl "180+1"]
[EndTime "10:43:04 PDT"]
[Termination "penguingm1 won by resignation"]

1. d4 Nf6 2. c4 g6 3. f3 Bg7 4. e4 d6 5. Nc3 O-O 6. Nge2 a5 7. Bg5 h6 8. Be3 Na6 9. Qd2 Kh7 10. g4 e5 11. d5 Nc5 12. Ng3 b6 13. h4 Ng8 14. Be2 Bd7 15. Kf2 Ne7 16. Rag1 a4 17. Ke1 Qe8 18. Kd1 Qd8 19. Kc1 Nc8 20.
Bd1 Ne7 21. Bc2 Qe8 22. Qe2 Qc8 23. Rh2 Rb8 24. Nf1 Qe8 25. Nd2 Nc8 26. Ndb1 Na7 27. Na3 Na6 28. Nab5 Nxb5 29. cxb5 Nc5 30. Qc4 Ra8 31. b4 axb3 32. axb3 Qd8 33. b4 Nb7 34. Kb2 Qb8 35. Bd3 Rc8 36. Rc2 Nd8 37. Qb3 Qa7 38.
Rcc1 f6 39. Ne2 Qb7 40. Rg2 Ra7 41. g5 fxg5 42. hxg5 h5 43. Bd2 Rca8 44. Bc3 Nf7 45. Rf1 Qc8 46. Rh1 Qe8 47. Qc4 Ra2+ 48. Kb1 R2a4 49. Nc1 R8a7 50. Rhg1 Ra3 51. Rc2 Bf8 52. Bb2 R3a4 53. Ne2 Be7 54. Nc3 Ra3 55. Rcg2 Bd8 56. Bxa3 Rxa3 57. Kb2 Ra7 58. Be2 Qe7 59. Qb3 Qe8 60. Qd1 Be7 61. Qd2 Qd8 62. Bd3 Kg7 63. Nd1 Kh7 64. Nf2 Qa8 65. Bc4 Ra4 66. Nd3 Bxb5 67. Bb3 Ra3 68. Qc3 Ra7 69. Ne1 Qd8 70. Qd2 Kg7 71. Nc2 Kh7 72. Ne1 Bd7 73. Bc2 Kg7 74. Nd3 Kh7 75. Bd1 Qa8 76. Bb3 Qe8 77. f4 exf4 78. Qxf4 Kg7 79. Rf2 Ra8 80. e5 dxe5 81.
Nxe5 Nd6 82. Qd4 Kh7 83. Nxd7 Qxd7 84. Bc2 Rg8 85. Rgf1 Rg7 86. Kb3 Qb5 87. Rh1 Qd7 88. Rxh5+ Kg8 89. Rh1 Nb5 90. Qd3 c6 91. Rfh2 Qxd5+ 92. Qxd5+ cxd5 93. Rh8+ Kf7 94. Bd3 Nd4+ 95. Kc3 Nc6 96.
Rf1+ Ke6 97. Rg1 Bxb4+ 98. Kb3 Bc5 99. Re1+ Ne5 100. Re8+ Be7 101. Ba6 Kd6 102. Bb5 d4 103. Rb8 Kc5 104. Bf1 Bd6 105. Rc8+ Kd5 106. Bg2+ Ke6 107. Bh3+ Kd5 108. Re8 Nd3 109. Bg2+ Kc5 110. Rc8+ Rc7 111. Rxc7+ Bxc7 112.
Re6 Ne5 113. Be4 d3 114. Bxg6 d2 115. Kc2 Nf3 116. Rf6 Nxg5 117. Be8 Ne4 118. Rc6+ Kd5 119. Rxc7 Kd4 120. Rd7+ Kc4 121. Bg6 Nc5 122. Rxd2 b5 123. Bf7+ Kb4 124. Rd4+ Ka5 125. Rh4 b4 126. Rh5 Kb5 127. Be8+ Kb6 128. Rh6+ Kc7 129. Rc6+ 1-0

[Event "*** Titled Tuesday Blitz"]
[Site "Chess.com"]
[Date "2020.05.26"]
[Round "5"]
[White "DrBergerBerger"]
[Black "Vandros57"]
[Result "1-0"]
[WhiteElo "2358"]
[BlackElo "2165"]
[TimeControl "180+1"]
[EndTime "10:50:53 PDT"]
[Termination "DrBergerBerger won by resignation"]

1. e4 c5 2. Nc3 e6 3. Nge2 Nc6 4. g3 d5 5. exd5 exd5 6. d4 Nf6 7. Bg2 cxd4 8.
Nxd4 Be7 9. O-O O-O 10. Re1 h6 11. h3 Bf5 12. Nxf5 1-0

[Event "*** Titled Tuesday Blitz"]
[Site "Chess.com"]
[Date "2020.05.26"]
[Round "5"]
[White "MrMatesM"]
[Black "Xeslu"]
[Result "1-0"]
[WhiteElo "2602"]
[BlackElo "2316"]
[TimeControl "180+1"]
[EndTime "10:51:08 PDT"]
[Termination "MrMatesM won by resignation"]

1. d4 d5 2. Nc3 c6 3. Bf4 Qb6 4.
Qd2 g6 5. O-O-O Bg7 6. f3 a5 7. e4 e6 8. h4 h5 9. Nh3 a4 10. a3 Qa5 11. Ng5 Ne7 12. Kb1 b5 13. exd5 Nxd5 14.
Nxd5 cxd5 15. Qxa5 Rxa5 16. Bxb8 1-0